 Dungeon Crawl Stone Soup version 0.30-a0-913-g9934a0ce24 (webtiles) character file.

Game seed: 14241542808138645417

8 DeathPants the Cutter (level 2, -4/15 HPs)
             Began as a Vine Stalker Gladiator on Mar 19, 2023.
             Slain by Jessica
             ... wielding a +0 club
              (5 damage)
             ... on level 2 of the Dungeon.
             The game lasted 00:01:14 (267 turns).

DeathPants the Cutter (Vine Stalker Gladiator)       Turns: 267, Time: 00:01:15

Health: -4/15      AC:  4    Str: 16    XL:     2   Next: 8%
Magic:  0/3        EV:  9    Int:  8    God:
Gold:   1          SH:  0    Dex: 15    Spells: 1/1 levels left

rFire   . . .      SeeInvis .    a - +0 rapier
rCold   . . .      Faith    .    (no shield)
rNeg    . . .      Spirit   +    b - +0 leather armour
rPois   .          Reflect  .    c - +0 helmet
rElec   .          Rampage  .    (no cloak)
rCorr   .                        (no gloves)
Will    .....                    (no boots)
Stlth   +                        (no amulet)
HPRegen 0.22/turn                h - ring of flight
MPRegen 0.08/turn                (no ring)

@: flying, constricted
A: fangs 2, magic shield, antimagic bite, no potion heal 2
a: no special abilities


You were on level 2 of the Dungeon.
You visited 1 branch of the dungeon, and saw 2 of its levels.

You collected 1 gold pieces.

Inventory:

Hand Weapons
 a - a +0 rapier (weapon)
Missiles
 d - 3 throwing nets (quivered)
 e - a javelin
Armour
 b - a +0 leather armour (worn)
 c - a +0 helmet (worn)
Jewellery
 h - a ring of flight (left hand)
Scrolls
 f - a scroll of fog {unknown}
 k - a scroll of teleportation {unknown}
Potions
 g - a potion of berserk rage {unknown}
 i - a potion of lignification {unknown}
 j - a potion of curing


   Skills:
 + Level 1.9 Fighting
 * Level 2.9 Short Blades
 - Level 1.7 Throwing
 + Level 2.5 Dodging
 + Level 0.7 Stealth


You had one spell level left.
You didn't know any spells.
Your spell library was empty.

Dungeon Overview and Level Annotations

Branches:
Dungeon (2/15)

Altars:

Annotations:
D:2 Jessica


Innate Abilities, Weirdness & Mutations

You have extremely sharp teeth.
When hurt, damage is shared between your health and your magic reserves.
Your bite disrupts and absorbs the magic of your enemies.
Potions cannot restore your health.


Message History

You hit Jessica but do no damage. Your bite misses Jessica.
Jessica is moderately wounded.
The ball python bites you but does no damage.
The ball python constricts you. Jessica hits you with a +0 club.
The ball python bites you. The ball python constricts you.
You barely miss Jessica. You bite Jessica, but do no damage.
Jessica is moderately wounded.
Jessica closely misses you. The ball python closely misses you.
The ball python constricts you. Jessica closely misses you.
You barely miss Jessica.
Jessica is moderately wounded.
Jessica barely misses you.
The ball python bites you but does no damage.
The ball python constricts you.
You closely miss Jessica. Your bite misses Jessica.
Jessica is moderately wounded.
Jessica falters for a moment.
The ball python barely misses you. The ball python constricts you.
Jessica barely misses you.
You hit Jessica.
Jessica is moderately wounded.
The ball python bites you but does no damage.
The ball python constricts you. Jessica barely misses you.
The ball python closely misses you. The ball python constricts you.
Jessica hits you with a +0 club.
You closely miss Jessica.
Jessica is moderately wounded.
Jessica hits you with a +0 club.
The ball python bites you but does no damage.
The ball python constricts you.
You hit Jessica but do no damage. You bite Jessica, but do no damage.
Jessica is moderately wounded.
Jessica hits you with a +0 club.
* * * LOW HITPOINT WARNING * * *
The ball python barely misses you. The ball python constricts you.
* * * LOW HITPOINT WARNING * * *
Jessica hits you but does no damage.
It was a potion of curing.
That felt strangely inert.
The ball python bites you but does no damage.
The ball python constricts you. Jessica hits you with a +0 club.
You die...

. .. ... ....
.....#######.##
......S.......#
.......@†.....#
..(....@.......
..##...........
#.....[.....
#...........
............
.............
$.............


You could see Jessica (fast, magic disrupted) and a ball python.

Vanquished Creatures
  A ball python (D:2)
  2 goblins (D:1)
  A hobgoblin (D:1)
  4 rats (D:1)
8 creatures vanquished.

Notes
Turn   | Place    | Note
-------+----------+-------------------------------------------
     0 | D:1      | DeathPants the Vine Stalker Gladiator began the quest for
                  | the Orb.
     0 | D:1      | Reached XP level 1. HP: 11/11 MP: 2/2
   241 | D:1      | Reached XP level 2. HP: 14/15 MP: 1/3
   254 | D:2      | Noticed Jessica
   267 | D:2      | Slain by Jessica

Illustrated notes

Levels and vault maps discovered:
D:1:      dpeg_arrival_rooms_c, layout_rooms, minmay_misc_feat_x
D:2:      layout_basic, shapermc_ecumenical_altar_ellora, uniq_jessica

Action                     || total
---------------------------++-------
  Melee: Rapier            ||    23
         Bite              ||     7
    Use: Potion            ||     1
 Armour: Leather armour    ||    13
  Dodge: Dodged            ||    20

Table legend: (Time is in decaauts)
 A = Elapsed time spent in this place.
 B = Non-inter-level travel time spent in this place.
 C = Inter-level travel time spent in this place.
 D = Time resting spent in this place.
 E = Time spent auto-exploring this place.
 F = Levels seen in this place.
 G = Mean time per level.
                   A        B        C        D        E       F      G
               +--------+--------+--------+--------+--------+-----+--------+
         Total |    267 |    267 |      0 |      0 |    130 |   2 |  133.5 |
       Dungeon |    267 |    267 |      0 |      0 |    130 |   2 |  133.5 |
               +--------+--------+--------+--------+--------+-----+--------+

Top non-repeatable levels by time:
     D:1: 251 daAuts
     D:2: 16 daAuts
